AoeStats
← DS_Kvothe

Arabia

509374061Analyzed
1v1 RM · 5d ago on Sep 26, 2026· 57m 50s· 2 players
Game mode
Random Map
Map size
Tiny (2 player)
Population
200
Speed
Normal
Resources
Standard
Victory
Conquest
Starting age
Dark Age
Ending age
Imperial Age
RankedLock teamsTeams togetherTeam positionsShared explorationLock speedFull tech treeHidden civsTurbo modeCheats
Victory
Defeat
🇦🇷 Malay · Argentina
1896
+18
🇩🇪 Japanese · Germany
1936
-18
DS_Kvothe
9:48 Feudal Age
8:30 Loom
10:19 Wheelbarrow
12:16 Double-Bit Axe
12:12 Horse Collar
16:50 Town Watch
18:10 Fletching
23:59 Castle Age
22:11 Gold Mining
23:59 Bow Saw
23:50 Heavy Plow
24:01 Bodkin Arrow
24:39 Padded Archer Armor
25:25 Sanctity
25:47 Elite Skirmisher
28:46 Hand Cart
36:30 Imperial Age
35:51 Scale Barding Armor
35:56 Forging
35:51 Husbandry
39:05 Iron Casting
40:07 Conscription
45:18 Block Printing
45:31 Devotion
45:38 Bracer
45:54 Leather Archer Armor
46:10 Atonement
47:14 Elite Battle Elephant
48:12 Leather Archer Armor
48:57 Blast Furnace
50:23 Blast Furnace
51:17 Ring Archer Armor
52:55 Chemistry
52:07 Masonry
52:02 Siege Engineers
52:49 Ballistics
53:53 Masonry
53:32 Crossbowman
54:18 Thumb Ring
54:49 Light Cavalry
54:56 Arbalester
55:42 Thumb Ring
Sir_Ragealot
6:53 Loom
9:20 Feudal Age
10:28 Man-at-Arms
13:53 Double-Bit Axe
14:37 Fletching
20:35 Castle Age
18:33 Horse Collar
19:12 Stone Mining
19:22 Gold Mining
21:42 Bow Saw
21:43 Scale Mail Armor
24:24 Chain Mail Armor
26:17 Town Watch
27:34 Squires
29:30 Wheelbarrow
34:14 Imperial Age
34:37 Hand Cart
39:15 Gold Shaft Mining
41:32 Elite Samurai
42:25 Forging
43:07 Plate Mail Armor
44:30 Pikeman
47:08 Town Patrol
47:20 Masonry
46:53 Halberdier
47:38 Heavy Plow
47:09 Halberdier
50:24 Iron Casting
Connection lost

Rejoining the realm…

Still unreachable

The connection could not be restored.

Session expired

The server has moved on; the page needs a fresh start.